 Dungeon Crawl Stone Soup version 0.22.0-6-g71bd7aa (webtiles) character file.

96 wojtek the Chopper (level 4, -2/39 HPs)
             Began as a Minotaur Fighter on Aug 15, 2018.
             Slain by Grinder (6 damage)
             ... while paralysed by Grinder
             ... on level 3 of the Dungeon.
             The game lasted 00:02:47 (1394 turns).

wojtek the Chopper (Minotaur Fighter)               Turns: 1394, Time: 00:02:48

Health: -2/39      AC:  6    Str: 22    XL:     4   Next: 41%
Magic:  3/3        EV:  2    Int:  5    God:
Gold:   126        SH:  0    Dex:  9    Spells: 3/3 levels left

rFire    . . .     SeeInvis .   a - +0 war axe
rCold    . . .     Gourm    .   c - +0 shield
rNeg     . . .     Faith    .   b - +0 scale mail
rPois    .         Spirit   .   (helmet restricted)
rElec    .         Reflect  .   (no cloak)
rCorr    .         Harm     .   (no gloves)
MR       .....                  (no boots)
Stlth    ..........             (no amulet)
HPRegen  0.13/turn              (no ring)
MPRegen  0.08/turn              (no ring)

@: paralysed
A: retaliatory headbutt, horns 2
a: no special abilities


You were on level 3 of the Dungeon.
You were not hungry.

You visited 1 branch of the dungeon, and saw 3 of its levels.

You collected 126 gold pieces.

Inventory:

Hand Weapons
 a - a +0 war axe (weapon)
Armour
 b - a +0 scale mail (worn)
 c - a +0 shield (worn)
Wands
 r - a wand of flame (9)
Scrolls
 j - a scroll of teleportation {unknown}
 l - a scroll of magic mapping {unknown}
 n - 2 scrolls of random uselessness {unknown}
 o - a scroll of remove curse {unknown}
 q - a scroll of immolation {unknown}
 s - 3 scrolls of amnesia {unknown}
Potions
 d - a potion of might
 e - 2 potions of lignification {unknown}
 g - a potion of haste {unknown}
 h - 2 potions of curing {unknown}
 k - a potion of invisibility {unknown}
 m - a potion of berserk rage {unknown}
 p - a potion of cancellation {unknown}
 t - a potion of heal wounds {unknown}
Comestibles
 f - a ration
 i - 17 chunks of flesh


   Skills:
 - Level 3.6 Fighting
 + Level 5.7 Axes
 - Level 3.6 Armour
 - Level 3.6 Shields


You had 3 spell levels left.
You didn't know any spells.
Your spell library contained the following spells:

 Spells                   Type           Power        Failure   Level  Hunger
 Apportation              Tloc           #.....       99%         1    ##.....
 Summon Small Mammal      Summ           #...         99%         1    ##.....
 Animate Skeleton         Necr           N/A          99%         1    ##.....
 Confusing Touch          Hex            #.....       99%         1    ##.....


Dungeon Overview and Level Annotations

Branches:
Dungeon (3/15)

Altars:
Hepliaklqana
Wu Jian
Xom

Annotations:
D:3 Grinder


Innate Abilities, Weirdness & Mutations

You reflexively headbutt those who attack you in melee.
You have a pair of horns on your head.


Message History

You furiously retaliate!
You headbutt Grinder.
You are too injured to fight recklessly!
You are too injured to fight recklessly!
You are too injured to fight recklessly!
You are too injured to fight recklessly!
You slash Grinder! You headbutt Grinder.
Grinder is almost dead.
Grinder gestures at you.
You barely resist.
Unknown command.
You closely miss Grinder.
Grinder is almost dead.
Grinder gestures at you.
You suddenly lose the ability to move!
Grinder gestures at you. Pain shoots through your body! Grinder hits you!
* * * LOW HITPOINT WARNING * * *
You writhe in agony.
You die...

################
#####......?........
.....[5@...$........
......######.......?
############.#######
#####.........#
#.....##...##.#
##.#######..##.#
#<.......#..#..#
##.#######..###.
#.#####).(.8.#####


You could see Grinder.

Vanquished Creatures
  Robin (D:2)
  An adder (D:2)
  A worm (D:2)
  5 dart slugs
  A leopard gecko (D:2)
  2 ball pythons (D:2)
  6 giant cockroaches
  8 hobgoblins
  2 jackals (D:1)
  5 kobolds
  3 bats
  5 frilled lizards
  12 goblins
  7 rats
59 creatures vanquished.

Notes
Turn   | Place    | Note
-------+----------+-------------------------------------------
     0 | D:1      | wojtek the Minotaur Fighter began the quest for the Orb.
     0 | D:1      | Reached XP level 1. HP: 19/19 MP: 0/0
    65 | D:1      | Reached skill level 3 in Axes
   178 | D:1      | Reached XP level 2. HP: 26/26 MP: 1/1
   823 | D:2      | Reached skill level 4 in Axes
   912 | D:2      | Reached XP level 3. HP: 31/31 MP: 2/2
   921 | D:2      | Found a hazy altar of Hepliaklqana.
  1120 | D:2      | Found a shimmering altar of Xom.
  1120 | D:2      | Found an ornate altar of the Wu Jian Council.
  1161 | D:2      | Reached skill level 5 in Axes
  1198 | D:2      | Noticed Robin
  1202 | D:2      | Reached XP level 4. HP: 34/39 MP: 3/3
  1215 | D:2      | Killed Robin
  1348 | D:3      | Found a faded altar of an unknown god.
  1380 | D:3      | Noticed Grinder
  1392 | D:3      | Paralysed by Grinder for 4 turns
  1394 | D:3      | Slain by Grinder

Skill      XL: |  1  2  3 |
---------------+----------+-----
Axes           | 3 4 5 |  5.7
Fighting       | |  3.6
Armour         | |  3.6
Shields        | |  3.6

Action                   |  1- 3 |  4- 6 || total
-------------------------+-------+-------++-------
Melee: War axe           |    95 |    34 ||   129
       Headbutt          |    14 |     8 ||    22
  Eat: Chunk             |     1 |     1 ||     2
Armor: Scale mail        |    49 |    18 ||    67
Dodge: Dodged            |    33 |     8 ||    41
Block: Shield            |    50 |    16 ||    66
